 Dungeon Crawl Stone Soup version 0.32-a0-960-g3814254bd7 (webtiles) character file.

Game seed: 13318478970368515030

94 Autsider the Cutter (level 4, 0/36 HPs)
             Began as a Vine Stalker Berserker on Apr 17, 2024.
             Was a Believer of Trog.
             Incinerated by a bombardier beetle (2 damage)
             ... with a burning spray
             ... on level 3 of the Dungeon.
             The game lasted 00:03:48 (1977 turns).

Autsider the Cutter (Vine Stalker Berserker)        Turns: 1977, Time: 00:03:49

Health: 0/36       AC:  7    Str: 20    XL:     4   Next: 63%
Magic:  0/5        EV: 11    Int:  7    God:    Trog [**....]
Gold:   95         SH:  0    Dex: 15    Spells: 3/3 levels left

rFire   . . .        a - +0 short sword
rCold   . . .        (no shield)
rNeg    . . .        b - +0 animal skin
rPois   .            j - +0 helmet
rElec   .            (no cloak)
rCorr   .            e - +0 pair of gloves
SInv    .            p - +2 pair of boots
Will    ++...        (no amulet) Stlth
                     (no ring)
HPRegen 2.06/turn    (no ring)
MPRegen 0.09/turn

%: guardian spirit
@: berserking, on fire, strong-willed, regenerating, glowing, very quick
A: fangs 2, regeneration 1, magic shield, antimagic bite, no potion heal 2
a: Renounce Religion, Berserk, Trog's Hand


You were on level 3 of the Dungeon.
You worshipped Trog.
Trog was pleased with you.
You visited 1 branch of the dungeon, and saw 3 of its levels.

You collected 95 gold pieces.

Inventory:

Hand Weapons
 a - a +0 short sword (weapon)
Missiles
 g - 11 poisoned darts (quivered)
Armour
 b - a +0 animal skin (worn)
 e - a +0 pair of gloves (worn)
 j - a +0 helmet (worn)
 l - a +0 plate armour
 p - a +2 pair of boots (worn)
Jewellery
 h - a ring of fire
Scrolls
 c - 3 scrolls of poison {unknown}
 d - 3 scrolls of fog {unknown}
 f - a scroll of identify {unknown}
 i - a scroll of enchant armour {unknown}
 k - a scroll of amnesia {unknown}
 m - a scroll of torment {unknown}
 n - a scroll of acquirement {unknown}
 q - a scroll of brand weapon {unknown}
 r - a scroll of teleportation {unknown}
 s - a scroll of vulnerability {unknown}
Potions
 o - 2 potions of lignification {unknown}
 t - a potion of resistance {unknown}


   Skills:
 + Level 3.2 Fighting
 * Level 3.6 Short Blades
 + Level 2.2 Armour
 + Level 2.1 Dodging


You had 3 spell levels left.
You didn't know any spells.
Your spell library was empty.

Dungeon Overview and Level Annotations

Branches:
Dungeon (3/15)

Altars:


Innate Abilities, Weirdness & Mutations

You have extremely sharp teeth.
Your natural rate of healing is unusually fast.
When hurt, damage is shared between your health and your magic reserves.
Your bite disrupts and absorbs the magic of your enemies.
Potions cannot restore your health.


Message History

You shake off some of the fire as you move.
The liquid fire burns you!
The bombardier beetle sprays incendiary fluid at you.
The burning spray hits you.
You are even more covered in liquid fire!
You shake off some of the fire as you move.
The liquid fire burns you!
* * * LOW HITPOINT WARNING * * *
You shake off some of the fire as you move.
The liquid fire burns you!
* * * LOW HITPOINT WARNING * * *
The bombardier beetle bites you.
* * * LOW HITPOINT WARNING * * *
You shake off some of the fire as you move.
The liquid fire burns you!
* * * LOW HITPOINT WARNING * * *
The bombardier beetle sprays incendiary fluid at you.
The burning spray hits you.
You are even more covered in liquid fire!
Your skin crawls.
You feel strong-willed. The liquid fire burns you!
* * * LOW HITPOINT WARNING * * *
A red film seems to cover your vision as you go berserk!
You feel yourself moving faster!
You feel mighty! The liquid fire burns you!
* * * LOW HITPOINT WARNING * * *
The bombardier beetle closely misses you.
You hit the bombardier beetle. Your bite misses the bombardier beetle.
The bombardier beetle is heavily wounded.
The liquid fire burns you!
* * * LOW HITPOINT WARNING * * *
You hit the bombardier beetle. You bite the bombardier beetle.
You drain its power.
You feel invigorated.
The bombardier beetle is severely wounded.
The liquid fire burns you!
* * * LOW HITPOINT WARNING * * *
You shake off some of the fire as you move.
The liquid fire burns you!
You die...

..##### #########....
..# ..# #...........
..# #.# #.......... ..#
#.# #........# ..###.#
#........# ...##.#
##........# ##....#
###.........#
####.###......B....####
#..##.##..$.@.......
#....>##............
#.###.##..!.........
#.# #.##############
#.# #.. #.# #### #.#
#.# #.


You could see a bombardier beetle.

Vanquished Creatures
  2 adders
  2 dart slugs
  A ribbon worm (D:3)
  8 ball pythons
  8 bats
  2 endoplasms
  4 giant cockroaches
  7 goblins
  9 hobgoblins
  3 jackals (D:1)
  4 kobolds
  4 quokkas
  4 frilled lizards
  3 rats
61 creatures vanquished.

Notes
Turn   | Place    | Note
-------+----------+-------------------------------------------
     0 | D:1      | Autsider the Vine Stalker Berserker began the quest for the
                  | Orb.
     0 | D:1      | Reached XP level 1. HP: 11/11 MP: 2/2
    67 | D:1      | Reached XP level 2. HP: 16/16 MP: 3/3
   290 | D:1      | Reached XP level 3. HP: 19/19 MP: 4/4
   313 | D:1      | Reached ** piety under Trog
   923 | D:2      | Found a faded altar of an unknown god.
  1128 | D:2      | Reached XP level 4. HP: 21/24 MP: 5/5
  1976 | D:3      | HP: 1/36 [burnt (2)]
  1977 | D:3      | Incinerated by a bombardier beetle

Illustrated notes

Levels and vault maps discovered:
D:1:      mushboom_english_gardens, layout_basic, minmay_tiny_reverse_x
D:2:      layout_basic, basic_ecumenical_altar
D:3:      layout_basic, bh_walls_and_bars

Skill      XL: |  1  2  3 |
---------------+----------+-----
Short Blades   | 3 |  3.6
Fighting       | 3 |  3.2
Armour         | 2 |  2.2
Dodging        | 2 |  2.1

Action                     |  1- 3 |  4- 6 || total
---------------------------+-------+-------++-------
  Melee: Short sword       |   132 |    84 ||   216
         Bite              |    34 |    21 ||    55
 Invoke: Berserk           |       |     1 ||     1
         Trog's Hand       |       |     1 ||     1
   Stab: Sleeping          |     3 |       ||     3
 Armour: Animal skin       |    69 |    45 ||   114
  Dodge: Dodged            |    68 |    42 ||   110

Table legend: (Time is in decaauts)
 A = Elapsed time spent in this place.
 B = Non-inter-level travel time spent in this place.
 C = Inter-level travel time spent in this place.
 D = Time resting spent in this place.
 E = Time spent auto-exploring this place.
 F = Levels seen in this place.
 G = Mean time per level.
                   A        B        C        D        E       F      G
               +--------+--------+--------+--------+--------+-----+--------+
         Total |   1941 |   1841 |    100 |      0 |   1404 |   3 |  647.0 |
       Dungeon |   1941 |   1841 |    100 |      0 |   1404 |   3 |  647.0 |
               +--------+--------+--------+--------+--------+-----+--------+

Top non-repeatable levels by time:
     D:2: 913 daAuts
     D:1: 803 daAuts
     D:3: 224 daAuts
